AoeStats
← JohnNielsen4140

Arena

509532899Analyzed
4v4 RM · 6d ago on Sep 27, 2026· 54m 56s· 8 players
Game mode
Random Map
Map size
Large (8 player)
Population
200
Speed
Normal
Resources
Standard
Victory
Conquest
Starting age
Dark Age
Ending age
Imperial Age
RankedLock teamsTeams togetherTeam positionsShared explorationLock speedFull tech treeHidden civsTurbo modeCheats
Victory
Defeat
🇨🇳 Turks · China
964
+13
🇺🇸 Bohemians · United States
956
+14
🇨🇳 Turks · China
888
+16
🇲🇽 Cumans · Mexico
835
+19
🇨🇦 Poles · Canada
908
-16
🇦🇷 Inca · Argentina
908
-16
🇲🇽 Mapuche · Mexico
891
-15
🇲🇽 Britons · Mexico
885
-15
JohnNielsen4140
10:29 Loom
14:02 Feudal Age
14:12 Feudal Age
18:30 Fletching
18:41 Padded Archer Armor
21:10 Castle Age
20:22 Double-Bit Axe
20:20 Horse Collar
20:52 Gold Mining
20:54 Stone Mining
23:15 Leather Archer Armor
24:04 Heavy Plow
23:46 Crossbowman
27:37 Bodkin Arrow
29:04 Wheelbarrow
31:04 Yeomen
31:07 Treadmill Crane
33:28 Caravan
34:49 Bow Saw
35:20 Hand Cart
42:45 Imperial Age
48:56 Arbalester
50:11 Bracer
50:42 Ring Archer Armor
51:25 Murder Holes
52:45 Chemistry
52:06 Ballistics
53:43 Two-Man Saw
53:48 Forging
53:38 Scale Mail Armor
MidnightBlue331
9:16 Feudal Age
9:49 Horse Collar
9:56 Double-Bit Axe
15:48 Castle Age
16:35 Bloodlines
17:04 Scale Barding Armor
17:44 Heavy Plow
19:53 Loom
21:06 Forging
21:53 Wheelbarrow
28:10 Imperial Age
25:59 Bow Saw
25:50 Town Watch
26:09 Fletching
26:20 Padded Archer Armor
27:11 Hand Cart
27:53 Szlachta Privileges
28:59 Ballistics
29:00 Husbandry
29:34 Crop Rotation
29:50 Conscription
29:03 Cavalier
29:42 Gold Mining
31:05 Masonry
31:55 Iron Casting
32:00 Chain Barding Armor
32:07 Stone Mining
34:15 Chemistry
33:26 Fortified Wall
34:20 Blast Furnace
33:16 Bodkin Arrow
33:28 Scale Mail Armor
33:43 Light Cavalry
35:22 Leather Archer Armor
34:33 Winged Hussar
34:41 Crossbowman
35:28 Thumb Ring
36:57 Siege Engineers
36:30 Arbalester
39:04 Lechitic Legacy
40:50 Bracer
54:45 Chain Mail Armor
Dodge Attitude
7:37 Loom
11:21 Feudal Age
12:41 Wheelbarrow
12:05 Horse Collar
12:13 Double-Bit Axe
15:13 Forging
15:04 Scale Mail Armor
19:46 Castle Age
22:48 Heavy Plow
22:59 Bow Saw
22:40 Stone Mining
22:47 Fletching
22:58 Padded Archer Armor
23:49 Pikeman
30:19 Hand Cart
33:24 Malon
37:20 Imperial Age
36:06 Town Watch
38:09 Bodkin Arrow
38:30 Leather Archer Armor
39:37 Halberdier
45:51 Chemistry
45:12 Ballistics
52:03 Elite Bolas Rider
Viejo Inimputable
5:43 Loom
13:14 Feudal Age
14:27 Double-Bit Axe
18:13 Horse Collar
21:53 Castle Age
21:00 Champi Runner
21:55 Forging
21:46 Scale Mail Armor
21:42 Stone Mining
21:46 Gold Mining
22:56 Heavy Plow
23:08 Bow Saw
22:51 Town Watch
24:35 Wheelbarrow
27:02 Iron Casting
27:34 Chain Mail Armor
29:33 Gold Shaft Mining
29:34 Stone Shaft Mining
29:40 Squires
30:59 Hand Cart
31:06 Andean Sling
31:16 Fletching
31:32 Champi Warrior
32:54 Bodkin Arrow
33:29 Town Patrol
42:34 Padded Archer Armor
42:00 Elite Skirmisher
42:47 Thumb Ring
43:05 Ballistics
44:48 Leather Archer Armor
50:52 Imperial Age
51:47 Bracer
52:18 Ring Archer Armor
52:52 Chemistry
51:57 Caravan
snake
12:03 Feudal Age
12:55 Horse Collar
13:03 Double-Bit Axe
19:16 Castle Age
20:49 Wheelbarrow
20:23 Heavy Plow
20:37 Bow Saw
22:56 Fervor
27:55 Hand Cart
33:17 Imperial Age
30:33 Town Watch
30:33 Loom
31:57 Chemistry
31:20 Ballistics
32:16 Wagenburg Tactics
33:50 Murder Holes
34:05 Masonry
33:25 Houfnice
35:35 Hussite Reforms
35:51 Conscription
38:43 Caravan
38:20 Pikeman
39:01 Squires
41:34 Siege Engineers
42:00 Architecture
43:01 Halberdier
43:27 Arson
52:33 Fletching
52:45 Padded Archer Armor
52:46 Scale Mail Armor
53:14 Forging
53:44 Bodkin Arrow
54:02 Fortified Wall
53:38 Arrowslits
54:19 Scale Barding Armor
DEEP DARK FANTASY
10:15 Feudal Age
15:57 Castle Age
13:42 Horse Collar
16:09 Double-Bit Axe
16:57 Heavy Plow
17:54 Bow Saw
26:31 Wheelbarrow
26:00 Loom
28:06 Hand Cart
33:13 Imperial Age
30:41 Fletching
30:51 Padded Archer Armor
31:37 Gold Mining
31:37 Stone Mining
31:40 Town Watch
33:00 Bloodlines
32:50 Husbandry
34:05 Leather Archer Armor
33:56 Scale Mail Armor
34:00 Elite Janissary
35:01 Conscription
34:48 Artillery
35:44 Forging
35:39 Scale Barding Armor
35:50 Chain Mail Armor
36:59 Gold Shaft Mining
37:27 Two-Man Saw
38:14 Iron Casting
38:02 Ballistics
39:22 Chain Barding Armor
38:48 Treadmill Crane
39:20 Fortified Wall
39:21 Masonry
39:52 Sanctity
39:43 Fervor
43:55 Blast Furnace
44:10 Hoardings
50:01 Heavy Camel Rider
51:25 Plate Barding Armor
51:22 Ring Archer Armor
51:22 Plate Mail Armor
51:45 Architecture
Troliyah
7:04 Loom
12:19 Feudal Age
17:25 Wheelbarrow
17:56 Double-Bit Axe
20:20 Town Watch
20:36 Gold Mining
20:32 Horse Collar
26:02 Castle Age
25:50 Bloodlines
26:01 Stone Mining
30:56 Capped Ram
34:09 Fletching
34:37 Town Patrol
35:36 Pikeman
36:17 Squires
36:03 Arson
37:30 Steppe Husbandry
42:46 Bow Saw
43:26 Gold Shaft Mining
51:02 Heavy Plow
52:43 Hand Cart
菜鸟
0:32 Loom
11:54 Feudal Age
19:12 Castle Age
17:10 Double-Bit Axe
18:08 Horse Collar
19:38 Stone Mining
22:08 Bow Saw
24:19 Heavy Plow
27:27 Gold Mining
29:53 Gold Shaft Mining
29:55 Wheelbarrow
31:00 Hand Cart
31:42 Fortified Wall
34:12 Imperial Age
32:03 Forging
32:30 Bloodlines
33:06 Fletching
34:49 Iron Casting
34:57 Husbandry
36:19 Two-Man Saw
37:08 Blast Furnace
38:03 Sipahi
38:28 Scale Mail Armor
38:35 Scale Barding Armor
40:08 Chain Mail Armor
42:36 Plate Mail Armor
42:27 Chain Barding Armor
43:13 Heated Shot
44:26 Elite Janissary
45:50 Plate Barding Armor
45:12 Bodkin Arrow
51:39 Bracer
Connection lost

Rejoining the realm…

Still unreachable

The connection could not be restored.

Session expired

The server has moved on; the page needs a fresh start.